 Dungeon Crawl Stone Soup version 0.25-a0-366-g516bc45ae0 (webtiles) character file.

Game seed: 17144182085442485726, levelgen mode: deterministic

351 Caramio the Chopper (level 6, -2/38 HPs)
             Began as a Gargoyle Berserker on Jan 6, 2020.
             Was a Priest of Trog.
             Slain by a gnoll
             ... wielding a +0 spear
              (6 damage)
             ... on level 4 of the Dungeon.
             The game lasted 00:02:37 (2915 turns).

Caramio the Chopper (Gargoyle Berserker)            Turns: 2915, Time: 00:02:38

Health: -2/38      AC: 13    Str: 23    XL:     6   Next: 61%
Magic:  6/6        EV:  8    Int:  7    God:    Trog [***...]
Gold:   162        SH:  4    Dex:  9    Spells: 5/5 levels left

rFire    . . .     SeeInvis .   Y - +2 hand axe
rCold    . . .     Gourm    .   k - +0 buckler
rNeg     + . .     Faith    .   o - +0 chain mail
rPois    ∞         Spirit   .   (no helmet)
rElec    +         Reflect  .   g - scarf {repulsion}
rCorr    .         Harm     .   (no gloves)
MR       .....                  (no boots)
Stlth    ..........             (no amulet)
HPRegen  0.12/turn              (no ring)
MPRegen  0.10/turn              (no ring)

@: repel missiles
A: negative energy resistance 1, electricity resistance, unbreathing,
petrification resistance, rot immunity, AC +4
a: Berserk, Trog's Hand, Renounce Religion


You were on level 4 of the Dungeon.
You worshipped Trog.
Trog was most pleased with you.
You were near starving.

You visited 1 branch of the dungeon, and saw 4 of its levels.

You collected 162 gold pieces.


Innate Abilities, Weirdness & Mutations

You are resistant to torment.
Your stone body is resilient. (AC +4)
You are immune to poison.
You resist negative energy. (rN+)
You are resistant to electric shocks. (rElec)
You can survive without breathing.
You are immune to petrification.
You are immune to rotting.


   Skills:
 - Level 4.2 Fighting
 + Level 5.0 Axes
 - Level 2.1 Armour
 - Level 1.5 Dodging
 - Level 4.1 Shields


You had 5 spell levels left.
You didn't know any spells.
Your spell library was empty.

Inventory:

Hand Weapons
 l - a +0 flail
 Y - a +2 hand axe (weapon)
Armour
 g - a scarf of repulsion (worn)
 k - a +0 buckler (worn)
 o - a +0 chain mail (worn)
Jewellery
 p - a +3 ring of slaying {unknown}
Potions
 b - a potion of mutation {unknown}
 i - a potion of curing {unknown}
 j - a potion of ambrosia {unknown}
 n - a potion of brilliance {unknown}
Comestibles
 c - 6 rations

Dungeon Overview and Level Annotations

Branches:
Dungeon (4/15)
 Temple: D:4-7

Altars:

Annotations:
D:4 Ijyb


Message History

You hit the orc priest.
The orc priest is heavily wounded.
The orc priest hits you with a +0 morningstar.
The gnoll hits you but does no damage.
You hit the orc priest.
The orc priest is severely wounded.
The orc priest closely misses you. The gnoll barely misses you.
You slash the orc priest!
You kill the orc priest!
Trog accepts your kill.
Your Shields skill increases to level 4!
The gnoll hits you but does no damage.
The scorpion is engulfed in a cloud of scalding steam.
Ijyb zaps a wand.
The puff of flame misses you. The gnoll hits you but does no damage.
You see here a worker ant corpse.
You closely miss the gnoll.
Ijyb zaps a wand.
The puff of flame hits you! The gnoll hits you with a +0 spear.
You die...

..~~~~
...~~~~~...#
##...~~~~...#
##....~~~~~..#
#.....~~~~s...
#......~~~g~#
##......~¤¤~~#
#.)......¤~~~#.
#.....)@g~o~~..
##....)).......
##.###..##....
### ....# .##
...## #...#
#####


You could see Ijyb, a scorpion, an orc wizard and a gnoll.

Vanquished Creatures
  3 orc priests (D:4)
  A gnoll shaman (D:4)
  An orc wizard (D:4)
  3 worker ants (D:4)
  2 gnolls (D:4)
  3 adders
  4 oozes
  An adder skeleton (D:4)
  A worm (D:2)
  3 dart slugs
  2 leopard geckos
  3 orcs
  9 bats
  5 giant cockroaches
  5 goblins
  6 hobgoblins
  7 kobolds
  A quokka (D:2)
  3 frilled lizards
  8 rats
71 creatures vanquished.

Notes
Turn   | Place    | Note
-------+----------+-------------------------------------------
     0 | D:1      | Caramio the Gargoyle Berserker began the quest for the Orb.
     0 | D:1      | Reached XP level 1. HP: 14/14 MP: 1/1
     0 | D:1      | 0 ||| counter = 2
    87 | D:1      | 87 ||| Stepping ~*~*~tactically~*~*~ (stealth).
    89 | D:1      | 89 ||| Stepping ~*~*~tactically~*~*~ (stealth).
   144 | D:1      | 144 ||| Stepping ~*~*~tactically~*~*~ (stealth).
   146 | D:1      | 146 ||| Stepping ~*~*~tactically~*~*~ (stealth).
   148 | D:1      | 148 ||| Stepping ~*~*~tactically~*~*~ (stealth).
   190 | D:1      | Reached skill level 3 in Axes
   292 | D:1      | 292 ||| Stepping ~*~*~tactically~*~*~ (stealth).
   308 | D:1      | Reached XP level 2. HP: 19/19 MP: 2/2
   381 | D:1      | 381 ||| Stepping ~*~*~tactically~*~*~ (stealth).
   383 | D:1      | 383 ||| Stepping ~*~*~tactically~*~*~ (stealth).
   385 | D:1      | 385 ||| Stepping ~*~*~tactically~*~*~ (stealth).
   430 | D:1      | 430 ||| Stepping ~*~*~tactically~*~*~ (stealth).
   432 | D:1      | 432 ||| Stepping ~*~*~tactically~*~*~ (stealth).
   440 | D:1      | 440 ||| Stepping ~*~*~tactically~*~*~ (stealth).
   471 | D:1      | 471 ||| Stepping ~*~*~tactically~*~*~ (hiding).
   472 | D:1      | 472 ||| Stepping ~*~*~tactically~*~*~ (hiding).
   473 | D:1      | 473 ||| Stepping ~*~*~tactically~*~*~ (hiding).
   474 | D:1      | 474 ||| Waiting for ranged monster.
   475 | D:1      | 475 ||| Waiting for ranged monster.
   476 | D:1      | 476 ||| Waiting for ranged monster.
   477 | D:1      | 477 ||| Waiting for ranged monster.
   478 | D:1      | 478 ||| Waiting for ranged monster.
   479 | D:1      | 479 ||| Waiting for ranged monster.
   480 | D:1      | 480 ||| Waiting for ranged monster.
   562 | D:1      | 562 ||| Stepping ~*~*~tactically~*~*~ (stealth).
   564 | D:1      | 564 ||| Stepping ~*~*~tactically~*~*~ (hiding).
   565 | D:1      | 565 ||| Waiting for ranged monster.
   566 | D:1      | 566 ||| Waiting for ranged monster.
   567 | D:1      | 567 ||| Waiting for ranged monster.
   568 | D:1      | 568 ||| Waiting for ranged monster.
   569 | D:1      | 569 ||| Waiting for ranged monster.
   573 | D:1      | 573 ||| Waiting for ranged monster.
   823 | D:1      | 823 ||| UPGRADING to runed scarf.
   828 | D:1      | 828 ||| UPGRADING to buckler.
   833 | D:1      | 833 ||| READING scroll labeled PAWOPTU CIURE.
   834 | D:1      | 834 ||| READING scroll labeled DIQOUSU XOAWE.
   835 | D:1      | 835 ||| READING scroll labeled DEPTOXA XOSA.
   836 | D:1      | 836 ||| READING scroll labeled GYF SOORIOG.
   837 | D:1      | 837 ||| READING scroll labeled XIYSETRUSOM.
   974 | D:2      | 974 ||| Stepping ~*~*~tactically~*~*~ (stealth).
   988 | D:2      | Reached skill level 1 in Shields
   988 | D:2      | Reached XP level 3. HP: 16/23 MP: 3/3
  1215 | D:2      | Reached ** piety under Trog
  1231 | D:2      | 1231 ||| Stepping ~*~*~tactically~*~*~ (hiding).
  1232 | D:2      | 1232 ||| Waiting for ranged monster.
  1233 | D:2      | 1233 ||| Waiting for ranged monster.
  1234 | D:2      | 1234 ||| Waiting for ranged monster.
  1237 | D:2      | 1237 ||| Waiting for ranged monster.
  1238 | D:2      | 1238 ||| Waiting for ranged monster.
  1239 | D:2      | 1239 ||| Waiting for ranged monster.
  1240 | D:2      | 1240 ||| Waiting for ranged monster.
  1278 | D:2      | 1278 ||| Stepping ~*~*~tactically~*~*~ (stealth).
  1359 | D:2      | 1359 ||| Stepping ~*~*~tactically~*~*~ (stealth).
  1360 | D:2      | 1360 ||| Stepping ~*~*~tactically~*~*~ (stealth).
  1361 | D:2      | 1361 ||| Stepping ~*~*~tactically~*~*~ (stealth).
  1363 | D:2      | 1363 ||| Stepping ~*~*~tactically~*~*~ (stealth).
  1367 | D:2      | 1367 ||| Stepping ~*~*~tactically~*~*~ (stealth).
  1372 | D:2      | 1372 ||| Stepping ~*~*~tactically~*~*~ (stealth).
  1436 | D:2      | 1436 ||| Stepping ~*~*~tactically~*~*~ (stealth).
  1440 | D:2      | 1440 ||| Stepping ~*~*~tactically~*~*~ (stealth).
  1442 | D:2      | 1442 ||| Stepping ~*~*~tactically~*~*~ (stealth).
  1459 | D:2      | 1459 ||| INVOKING Berserk.
  1595 | D:2      | 1595 ||| Stepping ~*~*~tactically~*~*~ (stealth).
  1603 | D:2      | 1603 ||| Stepping ~*~*~tactically~*~*~ (stealth).
  1609 | D:2      | Reached XP level 4. HP: 23/28 MP: 4/4
  1614 | D:2      | 1614 ||| Stepping ~*~*~tactically~*~*~ (stealth).
  1620 | D:2      | 1620 ||| Stepping ~*~*~tactically~*~*~ (stealth).
  1688 | D:2      | 1688 ||| Stepping ~*~*~tactically~*~*~ (stealth).
  1695 | D:2      | 1695 ||| Stepping ~*~*~tactically~*~*~ (stealth).
  1697 | D:2      | 1697 ||| Stepping ~*~*~tactically~*~*~ (stealth).
  1698 | D:2      | 1698 ||| Stepping ~*~*~tactically~*~*~ (stealth).
  1700 | D:2      | 1700 ||| Stepping ~*~*~tactically~*~*~ (stealth).
  1791 | D:2      | Reached skill level 4 in Axes
  1811 | D:2      | 1811 ||| Stepping ~*~*~tactically~*~*~ (stealth).
  1812 | D:2      | 1812 ||| Stepping ~*~*~tactically~*~*~ (stealth).
  1921 | D:2      | 1921 ||| UPGRADING to chain mail.
  1931 | D:2      | 1931 ||| DROPPING +0 animal skin.
  1932 | D:2      | 1932 ||| READING scroll labeled LAIRHU DUEPLY.
  1933 | D:2      | 1933 ||| READING scroll labeled JOBRUN ICUUKOG.
  1934 | D:2      | 1934 ||| READING 3 scrolls labeled JUTHRE HAGAREO.
  1937 | D:2      | 1937 ||| DRINKING 2 emerald potions.
  1971 | D:2      | 1971 ||| DROPPING potion of lignification.
  2008 | D:3      | 2008 ||| STAIRDANCE
  2044 | D:3      | 2044 ||| Stepping ~*~*~tactically~*~*~ (hiding).
  2045 | D:3      | 2045 ||| Stepping ~*~*~tactically~*~*~ (hiding).
  2054 | D:3      | 2054 ||| Waiting for ranged monster.
  2057 | D:3      | 2057 ||| UPGRADING to runed mace.
  2058 | D:3      | 2058 ||| READING scroll of remove curse.
  2059 | D:3      | 2059 ||| SWAPPING to +1 hand axe.
  2060 | D:3      | 2060 ||| DROPPING -1 mace.
  2067 | D:3      | 2067 ||| READING scroll of enchant weapon.
  2067 | D:3      | 2067 ||| ENCHANTING +1 hand axe.
  2076 | D:3      | 2076 ||| Stepping ~*~*~tactically~*~*~ (stealth).
  2083 | D:3      | 2083 ||| Stepping ~*~*~tactically~*~*~ (stealth).
  2084 | D:3      | 2084 ||| Stepping ~*~*~tactically~*~*~ (stealth).
  2085 | D:3      | 2085 ||| Stepping ~*~*~tactically~*~*~ (stealth).
  2086 | D:3      | 2086 ||| Stepping ~*~*~tactically~*~*~ (stealth).
  2089 | D:3      | 2089 ||| Stepping ~*~*~tactically~*~*~ (stealth).
  2092 | D:3      | 2092 ||| Stepping ~*~*~tactically~*~*~ (stealth).
  2095 | D:3      | 2095 ||| Stepping ~*~*~tactically~*~*~ (stealth).
  2289 | D:3      | Reached skill level 3 in Shields
  2557 | D:4      | 2557 ||| INVOKING Berserk.
  2560 | D:4      | Reached XP level 5. HP: 32/32 MP: 5/5
  2572 | D:4      | 2572 ||| READING 3 scrolls of teleportation.
  2573 | D:4      | HP: 8/32 [gnoll/+0 spear (1)]
  2575 | D:4      | Noticed Ijyb
  2576 | D:4      | 2576 ||| READING 2 scrolls of teleportation.
  2577 | D:4      | Reached skill level 5 in Axes
  2590 | D:4      | 2590 ||| Stepping ~*~*~tactically~*~*~ (hiding).
  2590 | D:4      | HP: 5/32 [orc wizard/magic dart (2)]
  2591 | D:4      | 2591 ||| Stepping ~*~*~tactically~*~*~ (hiding).
  2592 | D:4      | 2592 ||| READING scroll of teleportation.
  2595 | D:4      | 2595 ||| Waiting for ranged monster.
  2596 | D:4      | 2596 ||| Waiting for ranged monster.
  2597 | D:4      | 2597 ||| Waiting for ranged monster.
  2598 | D:4      | 2598 ||| Waiting for ranged monster.
  2599 | D:4      | 2599 ||| Waiting for ranged monster.
  2600 | D:4      | 2600 ||| Waiting for ranged monster.
  2846 | D:4      | 2846 ||| Stepping ~*~*~tactically~*~*~ (stealth).
  2857 | D:4      | 2857 ||| Stepping ~*~*~tactically~*~*~ (stealth).
  2865 | D:4      | 2865 ||| INVOKING Berserk.
  2866 | D:4      | Reached XP level 6. HP: 38/38 MP: 6/6
  2881 | D:4      | 2881 ||| Stepping ~*~*~tactically~*~*~ (stealth).
  2910 | D:4      | Reached *** piety under Trog
  2915 | D:4      | HP: 4/38 [Ijyb/puff of flame (8)]
  2915 | D:4      | Slain by a gnoll

Levels and vault maps discovered:
D:1:      dpeg_arrival_leaves_temple_mockup, layout_loops_ring
D:2:      layout_basic
D:3:      layout_rooms, kennysheep_generic_room_11
D:4:      wander_river, layout_cave_pools, serial_shops, shop, shop_fountains,
          nicolae_shop_crystal, nicolae_shop_statue_plus, uniq_eustachio,
          uniq_sigmund, uniq_ijyb

Skill      XL: |  1  2  3  4  5  6 |
---------------+-------------------+-----
Axes           | 3 4 5 |  5.0
Shields        | 1 2 3 4 |  4.1
Fighting       | 4 |  4.2
Armour         | |  2.1
Dodging        | |  1.5

Action                   |  1- 3 |  4- 6 || total
-------------------------+-------+-------++-------
Melee: Hand axe          |   117 |   131 ||   248
Invok: Berserk           |     1 |     2 ||     3
  Use: Scroll            |     5 |     8 ||    13
       Potion            |       |     1 ||     1
  Eat: Chunk             |     3 |     5 ||     8
Armor: Animal skin       |    34 |     7 ||    41
       Chain mail        |       |    78 ||    78
Dodge: Dodged            |    82 |    64 ||   146
       Deflected         |     2 |     2 ||     4
Block: Buckler           |     7 |    29 ||    36

Table legend:
 A = Non-vault XP
 B = Vault XP
 C = Vault XP percentage of total XP
 D = Non-vault monster count
 E = Vault monster count
 F = Vault count percentage of total count
                 A         B        C        D         E       F
            +---------+---------+-------+---------+---------+-------
      Total |     499 |       3 |   0.6 |      70 |       1 |   1.4
            +---------+---------+-------+---------+---------+-------
        D:1 |      29 |       0 |   0.0 |      16 |       0 |   0.0
        D:2 |      68 |       0 |   0.0 |      24 |       0 |   0.0
        D:3 |      54 |       3 |   5.3 |      15 |       1 |   6.2
        D:4 |     348 |       0 |   0.0 |      15 |       0 |   0.0
            +---------+---------+-------+---------+---------+-------
